 Dungeon Crawl Stone Soup version 0.24-a0-244-ga6a6ab7 (webtiles) character file.

Game seed: 3662979738085940229

53 Ijustatesigmund the Ducker (level 3, -4/26 HPs)
             Began as an Octopode Fighter on Apr 11, 2019.
             Slain by a gnoll
             ... wielding a +0 flail
              (13 damage)
             ... on level 2 of the Dungeon.
             The game lasted 00:01:41 (1208 turns).

Ijustatesigmund the Ducker (Octopode Fighter)       Turns: 1208, Time: 00:01:42

Health: -4/26      AC:  1    Str: 15    XL:     3   Next: 89%
Magic:  3/3        EV: 10    Int: 10    God:
Gold:   157        SH:  9    Dex: 12    Spells: 2/2 levels left

rFire    . . .     SeeInvis .   a - +0 war axe
rCold    . . .     Gourm    .   b - +1 shield
rNeg     . . .     Faith    .   (helmet restricted)
rPois    .         Spirit   .   (no amulet)
rElec    .         Reflect  .   (no ring)
rCorr    .         Harm     .   (no ring)
MR       .....                  (no ring)
Stlth    ++........             (no ring)
HPRegen  0.08/turn              (no ring)
MPRegen  0.08/turn              (no ring)
                                (no ring)
                                (no ring)

@: heavily drained
A: almost no armour, stealthy swim, amphibious, 8 rings, constrict 8, camouflage
1, gelatinous body 1
a: no special abilities


You were on level 2 of the Dungeon.
You were not hungry.

You visited 1 branch of the dungeon, and saw 2 of its levels.

You collected 157 gold pieces.

Inventory:

Hand Weapons
 a - a +0 war axe (weapon)
Armour
 b - a +1 shield (worn)
Scrolls
 f - a scroll of identify
 j - a scroll of amnesia
 m - 2 scrolls of teleportation {unknown}
Potions
 c - a potion of might
 e - a potion of curing
 g - a potion of agility
 h - a potion of ambrosia {unknown}
 i - a potion of degeneration {unknown}
 k - a potion of invisibility {unknown}
 l - 2 potions of haste {unknown}
Comestibles
 d - 4 rations
 n - a chunk of flesh


   Skills:
 + Level 3.4(1.8) Fighting
 + Level 2.6(1.0) Axes
 + Level 3.4(1.8) Dodging
 + Level 3.4(1.8) Shields


You had 2 spell levels left.
You didn't know any spells.
Your spell library was empty.

Dungeon Overview and Level Annotations

Branches:
Dungeon (2/15)

Altars:
Sif Muna


Innate Abilities, Weirdness & Mutations

You cannot wear most types of armour.
You are very stealthy in the water. (Stealth+)
You are amphibious.
You can wear up to eight rings at the same time.
You can use your tentacles to constrict eight enemies at once.
Your skin changes colour to match your surroundings (Stealth+).
Your rubbery body absorbs attacks. (AC +1, EV +1)


Message History

A gnoll comes into view. It is wielding a +0 spear.
You closely miss the gnoll. You grab the gnoll.
You constrict the gnoll, but do no damage.
The gnoll hits you with a +0 spear. The gnoll barely misses you.
You completely miss the gnoll. You constrict the gnoll.
The gnoll escapes!
You closely miss the gnoll. Your grab misses the gnoll.
The gnoll is lightly wounded.
You hit the gnoll. The gnoll hits you with a +0 flail!
A gnoll comes into view. It is wielding a +0 spear.
You block the gnoll's attack. The gnoll barely misses you.
You block the gnoll's attack. The gnoll hits you with a +0 spear.
You are too injured to fight recklessly!
You are too injured to fight recklessly!
You are too injured to fight recklessly!
You are too injured to fight recklessly!
The gnoll hits you from afar with a +0 spear!
* * * LOW HITPOINT WARNING * * *
You feel better. The gnoll hits you with a +0 flail!
Ouch! That really hurt!
You die...

## #. #. ######.
.......####
.......g$g# #g#
########+# #g#
#......#.# #@#
#........# #.#
###........#####.#.#
...................#
###....)..########.# #
#.............. ..#
###......#############
..+..................#
.##...........######.#


You could see 3 gnolls.

Vanquished Creatures
  A worker ant (D:2)
  A leopard gecko (D:1)
  3 giant cockroaches
  A goblin (D:2)
  5 hobgoblins
  3 jackals (D:2)
  4 bats
  2 frilled lizards
  2 kobolds (D:1)
  2 rats
24 creatures vanquished.

Vanquished Creatures (others)
  8 toadstools (D:1)
8 creatures vanquished.

Grand Total: 32 creatures vanquished

Notes
Turn   | Place    | Note
-------+----------+-------------------------------------------
     0 | D:1      | Ijustatesigmund the Octopode Fighter began the quest for
                  | the Orb.
     0 | D:1      | Reached XP level 1. HP: 16/16 MP: 1/1
   232 | D:1      | Reached XP level 2. HP: 21/21 MP: 2/2
   702 | D:2      | Found a deep blue altar of Sif Muna.
   732 | D:2      | Reached XP level 3. HP: 10/26 MP: 3/3
  1206 | D:2      | HP: 1/26 [gnoll/+0 spear (7)]
  1208 | D:2      | Slain by a gnoll

Levels and vault maps discovered:
D:1:      ldierk_walled_garden, layout_basic, minmay_gold_behind_fungi
D:2:      layout_basic, lemuel_crystal_altar, first_ration

Action                   || total
-------------------------++-------
Melee: War axe           ||    44
       Constrict         ||    11
       Tentacles         ||     9
  Use: Scroll            ||     5
       Potion            ||     1
 Stab: Sleeping          ||     6
  Eat: Chunk             ||     1
Armor: Skin              ||     2
Dodge: Dodged            ||    21
Block: Shield            ||    18

Table legend:
 A = Non-vault XP
 B = Vault XP
 C = Vault XP percentage of total XP
 D = Non-vault monster count
 E = Vault monster count
 F = Vault count percentage of total count
                 A         B        C        D         E       F
            +---------+---------+-------+---------+---------+-------
      Total |      77 |       0 |   0.0 |      24 |       0 |   0.0
            +---------+---------+-------+---------+---------+-------
        D:1 |      24 |       0 |   0.0 |      14 |       0 |   0.0
        D:2 |      53 |       0 |   0.0 |      10 |       0 |   0.0
            +---------+---------+-------+---------+---------+-------
